 Dungeon Crawl Stone Soup version 0.19.0-2-gae57169 (webtiles) character file.

200 Chiseanne the Ducker (level 5, 0/34 HPs)
             Began as an Octopode Warper on Nov 5, 2016.
             Shot with an arrow by a centaur (14 damage)
             ... on level 3 of the Dungeon.
             The game lasted 00:07:03 (3011 turns).

Chiseanne the Ducker (Octopode Warper)              Turns: 3011, Time: 00:07:05

Health: 0/34       AC:  1    Str: 10    XL:     5   Next: 79%
Magic:  10/10      EV: 15    Int: 15    God:
Gold:   84         SH:  0    Dex: 13    Spells: 3 memorised, 3 levels left

rFire  . . .     SeeInvis .     a - +1 dagger (venom)
rCold  . . .     Gourm    .     (no shield)
rNeg   . . .     Faith    .     (helmet restricted)
rPois  .         Spirit   .     (no amulet)
rElec  .         Reflect  .     (no ring)
rCorr  .         Harm     .     (no ring)
MR     .....                    (no ring)
Stlth  +++.......               (no ring)
                                (no ring)
                                (no ring)
                                (no ring)
                                (no ring)

@: no status effects
A: almost no armour, stealthy swim, amphibious, 8 rings, constrict 8, camouflage
1, gelatinous body 1
a: no special abilities


You were on level 3 of the Dungeon.
You were not hungry.

You visited 1 branch of the dungeon, and saw 3 of its levels.

You collected 84 gold pieces.

Inventory:

Hand Weapons
 a - a +1 dagger of venom (weapon)
 s - a +3 quarterstaff of chaos
Missiles
 d - 5 tomahawks of dispersal (quivered)
 e - 40 sling bullets
 j - 73 stones
 m - 5 tomahawks
 v - 4 javelins
 z - 5 poisoned needles
Armour
 D - a +0 cloak of poison resistance
Wands
 x - a wand of random effects (48/48)
Scrolls
 c - 3 scrolls of blinking
 k - a scroll of immolation {unknown}
 l - a scroll of fear
 A - a scroll of magic mapping {unknown}
 B - 3 scrolls of random uselessness {unknown}
Potions
 i - 2 potions of haste
 n - 3 potions of agility
 o - a potion of mutation
 p - 2 potions of might
 r - a potion of heal wounds
 t - 2 potions of curing {unknown}
 w - a potion of resistance
 y - a potion of cure mutation
Books
 b - a book of Spatial Translocations

   Spells                             Type                      Level
   a - Blink                          Translocation                2
   b - Shroud of Golubria             Charms/Translocation         2
   c - Lesser Beckoning               Translocation                3
   d - Portal Projectile              Translocation                3
   e - Teleport Other                 Translocation                3
   f - Passage of Golubria            Translocation                4
Comestibles
 f - a bread ration
 g - 2 fruits
 h - 2 meat rations
 q - 5 chunks of flesh
 u - a slice of pizza


   Skills:
 - Level 2.2 Fighting
 - Level 2.0 Short Blades
   Level 0.2 Axes
 - Level 1.0 Throwing
 * Level 4.0 Dodging
 * Level 3.7 Stealth
 * Level 3.4 Spellcasting
 - Level 3.0 Translocations


You had 3 spell levels left.
You knew the following spells:

 Your Spells              Type           Power        Failure   Level  Hunger
a - Blink                 Tloc           N/A          12%         2    ##.....
b - Shroud of Golubria    Chrm/Tloc      #.........   17%         2    ##.....
c - Lesser Beckoning      Tloc           ##........   21%         3    ###....


Dungeon Overview and Level Annotations

Branches:
Dungeon (3/15)

Altars:


Innate Abilities, Weirdness & Mutations

You cannot wear most types of armour.
You are very stealthy in the water. (Stealth+)
You are amphibious.
You can wear up to eight rings at the same time.
You can use your tentacles to constrict eight enemies at once.
Your skin changes colour to match your surroundings (Stealth+).
Your rubbery body absorbs attacks. (AC +1, EV +1)


Message History

Things that are here:
a club; a hobgoblin corpse You butcher the hobgoblin corpse.
q - 4 chunks of flesh (gained 1)
You see here a club.
q - 5 chunks of flesh (gained 1)
Things that are here:
a club; a falchion; an orc corpse Key pressed, stopping explore.
A goblin comes into view. It is wielding a dagger.
The goblin shouts!
You hear a shout!
The goblin hits you with a dagger.
A centaur comes into view.
You closely miss the goblin. Your grab misses the goblin.
You squeeze the goblin.
You kill the goblin!
The centaur wields a shortbow.
The centaur shoots an arrow.
The arrow hits you!
The centaur shoots an arrow.
The arrow closely misses you.
The centaur shoots an arrow.
The arrow hits you!
You die...

..........#
..........#
.c......(##
####.##c(# #.##..#
#.#...# #.#..##
##.#..######
######..#@........
#.....#....#######
#)####)##..# ##
#.# #.##..# .#
#)####.##..#### .#
#.#...........# .#
#.#.##.....##.#
.## #.#.##..##..#
..# #.#.##..# #.#


You could see a centaur.

Vanquished Creatures
  An orc priest (D:3)
  Crazy Yiuf (D:3)
  A worker ant zombie (D:3)
  Robin (D:3)
  3 adders
  2 oozes
  An adder zombie (D:3)
  2 worms
  2 dart slugs (D:1)
  2 orcs (D:3)
  A giant cockroach (D:1)
  17 goblins
  8 hobgoblins
  3 jackals (D:1)
  2 ball pythons (D:1)
  6 bats
  2 frilled lizards (D:1)
  8 kobolds
  11 rats
74 creatures vanquished.

Notes
Turn   | Place    | Note
-------+----------+-------------------------------------------
     0 | D:1      | Chiseanne the Octopode Warper began the quest for the Orb.
     0 | D:1      | Reached XP level 1. HP: 14/14 MP: 3/3
   153 | D:1      | Reached XP level 2. HP: 17/19 MP: 5/5
   287 | D:1      | Reached skill level 1 in Stealth
  1036 | D:1      | Reached XP level 3. HP: 24/24 MP: 6/6
  1718 | D:2      | Reached skill level 3 in Dodging
  1924 | D:2      | Reached XP level 4. HP: 15/29 MP: 8/8
  2070 | D:2      | Learned a level 2 spell: Blink
  2073 | D:2      | Learned a level 2 spell: Shroud of Golubria
  2077 | D:2      | Learned a level 3 spell: Lesser Beckoning
  2482 | D:3      | Noticed Robin
  2514 | D:3      | Killed Robin
  2658 | D:3      | Reached XP level 5. HP: 27/34 MP: 9/9
  2823 | D:3      | Found a runed door.
  2827 | D:3      | Noticed Crazy Yiuf
  2832 | D:3      | Killed Crazy Yiuf
  2912 | D:3      | Reached skill level 4 in Dodging
  3005 | D:3      | Noticed a centaur
  3011 | D:3      | Shot with an arrow by a centaur

Skill      XL: |  1  2  3  4  5 |
---------------+----------------+-----
Stealth        | 1 2 3 |  3.7
Dodging        | 3 4 |  4.0
Spellcasting   | 3 |  3.4
Fighting       | |  2.2
Short Blades   | |  2.0
Axes           | |  0.2
Throwing       | |  1.0
Translocations | |  3.0

Action                   |  1- 3 |  4- 6 || total
-------------------------+-------+-------++-------
Melee: Short sword       |    48 |       ||    48
       Tentacles         |    15 |    13 ||    28
       Constrict         |    16 |    25 ||    41
       Hand axe          |    20 |       ||    20
       Dagger            |    28 |    93 ||   121
       Quarterstaff      |       |     2 ||     2
 Cast: Shroud of Golubri |       |     2 ||     2
       Blink             |       |     1 ||     1
  Use: Scroll            |     5 |     5 ||    10
 Stab: Sleeping          |    10 |     4 ||    14
  Eat: Chunk             |     3 |     4 ||     7
Armor: Skin              |     5 |     4 ||     9
Dodge: Dodged            |    62 |    41 ||   103
